cohdb
Replays
Latest Replays
All Replays
Popular Replays
Top Player Replays
Match Explorer
How It Works
Community
CoH3 Stats
Reddit
Sign in to upload your games and track your stats! →
Sign in with Steam
Match 43503563
Unlisted
Match 43503563
Overview
Messages
Build Orders
End
Selects Armored Battlegroup
Selects Assault Engineers
Assault Engineer Squad
Construct Weapon Support Center
M1919 Machine Gun Team
M1919 Machine Gun Team
Assault Engineer Squad
M1919 Machine Gun Team
Bazooka Squad
Mechanized Support Center
M3 Armored Personnel Carrier
.30 cal Machine Gun
M3 Armored Personnel Carrier
Selects Fast Deploy
Forward Retreat Point
Construct Tank Depot
Selects M8 Scott SPG
Selects UNKNOWN (2160077)
M4A3E8 Sherman Easy Eight
紫苏子
wt3mqsco7v
ChesTerMUST
校隊最強伝説と籃球の戰坤!背帶褲雞太郎
Astartes_XVI_Legion
sos{china}
ME.COM
matrix4x4
0
0
Comments
sign in to comment!
No comments posted yet!